 Dungeon Crawl Stone Soup version 0.31-a0-345-g1ebeae05c6 (webtiles) character file.

Game seed: 15730748555100711039

102 RepHenryClay the Conjurer (level 4, -7/24 HPs)
             Began as a Deep Elf Fire Elementalist on July 23, 2023.
             Splashed by a jelly's acid (9 damage)
             ... on level 3 of the Dungeon.
             The game lasted 00:02:29 (2651 turns).

RepHenryClay the Conjurer (DEFE)                    Turns: 2651, Time: 00:02:30

Health: -7/24      AC:  1    Str:  5    XL:     4   Next: 49%
Magic:  5/10       EV: 12    Int: 22    God:
Gold:   113        SH:  0    Dex: 15    Spells: 8/9 levels left

rFire   . . .        (no weapon)
rCold   . . .        (no shield)
rNeg    . . .        a - +0 robe
rPois   .            (no helmet)
rElec   .            n - +0 cloak
rCorr   .            (no gloves)
SInv    .            j - +1 pair of boots
Will    .....        (no amulet)
Stlth   ++           (no ring)
HPRegen 0.24/turn    (no ring)
MPRegen 0.12/turn

%: no passive effects
@: corroded
A: no striking features
a: no special abilities


You were on level 3 of the Dungeon.
You visited 1 branch of the dungeon, and saw 3 of its levels.

You collected 113 gold pieces.

Inventory:

Armour
 a - a +0 robe (worn)
 j - a +1 pair of boots (worn)
 n - a +0 cloak (worn)
Scrolls
 c - 2 scrolls of identify {unknown}
 d - a scroll of immolation {unknown}
 f - a scroll of teleportation {unknown}
 g - a scroll of blinking {unknown}
 h - 2 scrolls of noise {unknown}
 i - a scroll of brand weapon {unknown}
 l - a scroll of vulnerability {unknown}
 m - a scroll of acquirement {unknown}
 r - a scroll of amnesia {unknown}
Potions
 b - a potion of magic
 e - a potion of curing {unknown}
 k - a potion of might {unknown}
 o - 2 potions of cancellation {unknown}
 p - a potion of enlightenment {unknown}
 q - a potion of lignification {unknown}


   Skills:
 - Level 2.4 Dodging
 - Level 2.4 Stealth
 - Level 3.0 Spellcasting
 + Level 4.9 Conjurations
 - Level 3.2 Fire Magic


You had 8 spell levels left.
You knew the following spells:

 Your Spells              Type           Power      Damage    Failure   Level
a - Foxfire               Conj/Fire      84%        2x1d8     2%          1

Your spell library contained the following spells:

 Spells                   Type           Power      Damage    Failure   Level
 Scorch                   Fire           34%        2d6       4%          2
 Cigotuvi's Dreadful Rot  Necr/Pois/Air  6%         N/A       19%         2
 Inner Flame              Hex/Fire       10%        N/A       19%         3
 Volatile Blastmotes      Fire/Tloc      20%        2d11      19%         3
 Flame Wave               Conj/Fire      21%        2d8       22%         4
 Dispel Undead            Necr           3%         3d7       77%         4
 Death Channel            Necr           1%         N/A       100%        6


Dungeon Overview and Level Annotations

Branches:
Dungeon (3/15)

Altars:


Message History

You kill the endoplasm!
The foxfire hits the endoplasm!
You kill the endoplasm!
The endoplasm jiggles.
Casting: Foxfire (safe; 2% risk of failure)
Confirm with . or Enter, or press ? or * to list all spells.
You conjure some foxfire!
A nearby fungus withers and dies.
The endoplasm closely misses you.
The jelly hits the toadstool.
The toadstool is splashed with acid.
The toadstool is destroyed!
A nearby fungus withers and dies.
The foxfire hits the endoplasm.
The endoplasm is moderately wounded.
The foxfire hits the jelly.
The jelly is severely wounded.
Casting: Foxfire (safe; 2% risk of failure)
Confirm with . or Enter, or press ? or * to list all spells.
You conjure some foxfire!
A nearby fungus withers and dies.
The endoplasm hits you but does no damage.
The endoplasm hits the fungus.
The fungus begins to die.
The jelly hits you but does no damage.
The foxfire hits the endoplasm.
The endoplasm is lightly wounded.
The jelly hits you but does no damage. The jelly hits you.
You are splashed with acid.
The endoplasm hits you but does no damage.
Huge Dmg: -29%(-7hp) hp: 71%(17hp)
Casting: Foxfire (safe; 2% risk of failure)
Confirm with . or Enter, or press ? or * to list all spells.
You conjure some foxfire!
The endoplasm freezes you.
You are frozen.
The endoplasm hits the fungus.
The jelly hits you but does no damage. The jelly closely misses you.
The foxfire hits the endoplasm.
You kill the endoplasm!
The jelly hits you. The acid corrodes you!
You are splashed with acid!
* * * LOW HITPOINT WARNING * * *
The jelly hits you.
* * * LOW HITPOINT WARNING * * *
You are splashed with acid!
You die...

.# #....##........ .#
#...............
####.#.##.........[.
#....##.####...
#..####.# . #..####.#
#.......# #.#######
######## ###.#
##########@.....#
....####......##J.JPP.P#
##...##.......#.#JJ....#
##..)))......#)#....PP#
#..').......#.#..÷...#
##.'......#'#.#..P.÷.#
#.##.....#.#.#.....÷#
#####....#.#.#PP÷.PP#
#######.##÷J..J[#


You could see 2 jellies and 2 endoplasms.

Vanquished Creatures
  2 adders (D:2)
  3 gnolls (D:3)
  A worm (D:2)
  A dart slug (D:1)
  10 endoplasms
  3 giant cockroaches
  2 goblins
  3 hobgoblins (D:1)
  2 quokkas (D:1)
  3 ball pythons
  4 bats
  2 frilled lizards
  11 kobolds
  4 rats
51 creatures vanquished.

Vanquished Creatures (collateral kills)
  2 foxfires (D:1)
2 creatures vanquished.

Vanquished Creatures (others)
  140 foxfires
140 creatures vanquished.

Grand Total: 193 creatures vanquished

Notes
Turn   | Place    | Note
-------+----------+-------------------------------------------
     0 | D:1      | RepHenryClay the Deep Elf Fire Elementalist began the quest
                  | for the Orb.
     0 | D:1      | Reached XP level 1. HP: 10/10 MP: 6/6
   344 | D:1      | Reached skill level 2 in Conjurations
   439 | D:1      | Reached XP level 2. HP: 15/15 MP: 6/8
   790 | D:1      | Reached skill level 3 in Conjurations
  1239 | D:2      | Reached XP level 3. HP: 19/19 MP: 6/9
  2265 | D:3      | Reached skill level 4 in Conjurations
  2320 | D:3      | Found a faded altar of an unknown god.
  2380 | D:3      | Reached XP level 4. HP: 24/24 MP: 5/10
  2651 | D:3      | Splashed by a jelly's acid

Illustrated notes

Levels and vault maps discovered:
D:1:      kennysheep_arrival_forest, layout_loops_corners, serial_forest,
          infiniplex_forest_lined_3_way, infiniplex_forest_clump_small,
          infiniplex_forest_straight_4, infiniplex_forest_lined_3_way,
          infiniplex_forest_zigzag_1, infiniplex_forest_clump_diagonal,
          infiniplex_forest_straight_5, infiniplex_forest_clump_double,
          infiniplex_forest_straight_4, infiniplex_forest_lined_corner
D:2:      layout_loops_corners, nrook_mini_backslash
D:3:      cheibrodos_fertilizer, layout_loops_cross,
          shapermc_ecumenical_altar_starsandcircs

Skill      XL: |  1  2  3 |
---------------+----------+-----
Conjurations   | 2 3 4 |  4.9
Dodging        | |  2.4
Stealth        | |  2.4
Spellcasting   | |  3.0
Fire Magic     | |  3.2

Action                     |  1- 3 |  4- 6 || total
---------------------------+-------+-------++-------
  Melee: Unarmed           |     2 |       ||     2
   Cast: Foxfire           |    58 |    20 ||    78
 Armour: Robe              |    14 |     6 ||    20
  Dodge: Dodged            |    38 |     6 ||    44

Table legend: (Time is in decaauts)
 A = Elapsed time spent in this place.
 B = Non-inter-level travel time spent in this place.
 C = Inter-level travel time spent in this place.
 D = Time resting spent in this place.
 E = Time spent auto-exploring this place.
 F = Levels seen in this place.
 G = Mean time per level.
                   A        B        C        D        E       F      G
               +--------+--------+--------+--------+--------+-----+--------+
         Total |   2651 |   2615 |     36 |      0 |   2277 |   3 |  883.7 |
       Dungeon |   2651 |   2615 |     36 |      0 |   2277 |   3 |  883.7 |
               +--------+--------+--------+--------+--------+-----+--------+

Top non-repeatable levels by time:
     D:1: 1228 daAuts
     D:2: 1032 daAuts
     D:3: 391 daAuts
